 Dungeon Crawl Stone Soup version 0.29-a0-2-g12fcac58f8 (webtiles) character file.

Game seed: 11273736745700959216

69 HallandMoats the Ruffian (level 4, 0/36 HPs)
             Began as a Ghoul Monk on Jan 27, 2022.
             Was a Believer of Hepliaklqana.
             Slain by a gnoll (7 damage)
             ... on level 2 of the Dungeon.
             The game lasted 00:01:03 (1060 turns).

HallandMoats the Ruffian (Ghoul Monk)               Turns: 1060, Time: 00:01:04

Health: 0/36       AC:  6    Str: 14    XL:     4   Next: 20%
Magic:  3/3        EV:  9    Int:  7    God:    Hepliaklqana [**....]
Gold:   71         SH:  0    Dex: 11    Spells: 3/3 levels left

rFire   . . .      SeeInvis .     - Unarmed
rCold   + . .      Faith    .   (no shield)
rNeg    + + +      Spirit   .   c - +0 scale mail
rPois   ∞          Reflect  .   (no helmet)
rElec   .          Harm     .   (no cloak)
rCorr   .          Rampage  .   (no gloves)
Will    .....                   (no boots)
Stlth   ..........              (no amulet)
HPRegen 0.00/turn               (no ring)
MPRegen 0.08/turn               (no ring)

@: inhibited regen
A: reduced essence, claws 1, cold resistance 1, negative energy resistance 3,
inhibited regeneration, torment resistance 2
a: Renounce Religion, Recall Ancestor, Ancestor Identity


You were on level 2 of the Dungeon.
You worshipped Hepliaklqana.
Hepliaklqana was pleased with you.
You visited 1 branch of the dungeon, and saw 2 of its levels.

You collected 71 gold pieces.

Inventory:

Armour
 c - a +0 scale mail (worn)
Scrolls
 d - a scroll of identify {unknown}
Potions
 a - 2 potions of magic {unknown}
 b - a potion of curing {unknown}


   Skills:
 * Level 4.1 Fighting
 + Level 1.1 Armour
 + Level 3.0 Dodging
 - Level 2.1 Stealth
 * Level 4.1 Unarmed Combat


You had 3 spell levels left.
You didn't know any spells.
Your spell library contained the following spells:

 Spells                   Type           Power      Damage    Failure   Level
 Ensorcelled Hibernation  Hex/Ice        0%         N/A       97%         2
 Passwall                 Tmut/Erth      0%         N/A       97%         2
 Scorch                   Fire           0%         2d5       97%         2
 Swiftness                Air            0%         N/A       99%         3
 Flame Wave               Conj/Fire      0%         2d4       100%        4
 Petrify                  Tmut/Erth      0%         N/A       100%        4
 Irradiate                Conj/Tmut      0%         3d13      100%        5
 Summon Cactus Giant      Summ           0%         N/A       100%        6
 Sublimation of Blood     Necr           Unusable   N/A       N/A         2

Dungeon Overview and Level Annotations

Branches:
Dungeon (2/15)

Altars:
Hepliaklqana


Innate Abilities, Weirdness & Mutations

Your life essence is reduced to manifest your ancestor. (-10% HP)
You thrive by killing the living.
You are immune to poison.
You have sharp fingernails.
Your flesh is cold resistant. (rC+)
You are immune to negative energy. (rN+++)
You do not regenerate when monsters are visible.
You are immune to unholy pain and torment.


Message History

The gnoll is heavily wounded.
You scratch the gnoll.
The gnoll is severely wounded.
You claw the gnoll!
The gnoll is heavily wounded.
You scratch the gnoll.
You kill the gnoll!
You feel better.
The gnoll is no longer moving slowly.
The gnoll hits you but does no damage.
You scratch the gnoll.
The gnoll is heavily wounded.
The gnoll hits you but does no damage. The gnoll hits you with a +0 club.
You scratch the gnoll.
The gnoll is heavily wounded.
The gnoll hits you from afar with a +0 spear.
The gnoll barely misses you.
You scratch the gnoll.
The gnoll is almost dead.
The gnoll completely misses you.
The gnoll hits you from afar with a +0 spear. x2
You scratch the gnoll but do no damage.
The gnoll is almost dead.
The gnoll hits you but does no damage.
The gnoll hits you from afar with a +0 spear.
* * * LOW HITPOINT WARNING * * *
The gnoll hits you from afar with a +0 spear.
* * * LOW HITPOINT WARNING * * *
Unknown command.
You scratch the gnoll.
The gnoll is almost dead.
The gnoll hits you with a +0 club.
* * * LOW HITPOINT WARNING * * *
The gnoll hits you from afar with a +0 spear.
* * * LOW HITPOINT WARNING * * *
The gnoll hits you but does no damage.
You claw the gnoll!
You kill the gnoll!
You feel better.
The gnoll hits you from afar with a +0 spear!
You die...

...........##.# #.#
†....#####.##.###.#
#.....# #........#
.....## ####.##..#
###.## #.##.)# #.#
#.##..# #.# #.....#
##+# ####R##
##...## #@#
#.....## #)#
.......##


gg# ........# ..## ........+ ... ......<.# .... .......## ##.#. #.....## ###.
##..)###### You could see the friendly Xolani the hexer and 2 gnolls.

Vanquished Creatures
  A hound (D:2)
  2 gnolls (D:2)
  An adder (D:2)
  3 ball pythons (D:1)
  4 endoplasms (D:1)
  A hobgoblin (D:1)
  A quokka (D:1)
  A bat (D:1)
  2 frilled lizards
  2 goblins (D:1)
  A kobold (D:2)
  A rat (D:1)
20 creatures vanquished.

Notes
Turn   | Place    | Note
-------+----------+-------------------------------------------
     0 | D:1      | HallandMoats the Ghoul Monk began the quest for the Orb.
     0 | D:1      | Reached XP level 1. HP: 19/19 MP: 0/0
   423 | D:1      | Reached XP level 2. HP: 26/26 MP: 1/1
   564 | D:1      | Found a faded altar of an unknown god.
   572 | D:1      | Prayed at the altar of an unknown god.
   572 | D:1      | Became a worshipper of Hepliaklqana the Forgotten
   572 | D:1      | Reached * piety under Hepliaklqana
   572 | D:1      | Reached ** piety under Hepliaklqana
   573 | D:1      | Remembered your ancestor Xolani as a hexer
   917 | D:2      | Reached skill level 1 in Armour
   917 | D:2      | Reached XP level 3. HP: 27/29 MP: 2/2
  1009 | D:2      | Reached XP level 4. HP: 36/36 MP: 3/3
  1060 | D:2      | Slain by a gnoll

Illustrated notes

Levels and vault maps discovered:
D:1:      roderic_octagonal_star, layout_basic,
          hellmonk_ecumenical_altar_slurped_away, hangedman_decor_points,
          hangedman_abyss_or_decor_stabs
D:2:      layout_loops_corners, uniq_sigmund

Skill      XL: |  1  2  3 |
---------------+----------+-----
Armour         | 1 |  1.1
Dodging        | 3 |  3.0
Unarmed Combat | 4 |  4.1
Fighting       | 4 |  4.1
Stealth        | |  2.1

Action                   |  1- 3 |  4- 6 || total
-------------------------+-------+-------++-------
Melee: Unarmed           |    56 |    15 ||    71
       Punch             |     2 |       ||     2
Invok: Ancestor Life: He |     1 |       ||     1
 Stab: Sleeping          |     2 |       ||     2
Armor: Robe              |     4 |       ||     4
       Scale mail        |    13 |     6 ||    19
Dodge: Dodged            |    36 |     4 ||    40

Table legend: (Time is in decaauts)
 A = Elapsed time spent in this place.
 B = Non-inter-level travel time spent in this place.
 C = Inter-level travel time spent in this place.
 D = Time resting spent in this place.
 E = Time spent auto-exploring this place.
 F = Levels seen in this place.
 G = Mean time per level.
                   A        B        C        D        E       F      G
               +--------+--------+--------+--------+--------+-----+--------+
         Total |   1054 |   1039 |     15 |      0 |    861 |   2 |  527.0 |
       Dungeon |   1054 |   1039 |     15 |      0 |    861 |   2 |  527.0 |
               +--------+--------+--------+--------+--------+-----+--------+

Top non-repeatable levels by time:
     D:1: 878 daAuts
     D:2: 176 daAuts
